 Dungeon Crawl Stone Soup version 0.28-a0-802-g09f76e8c00 (webtiles) character file.

Game seed: 6187060948406815217

3448 Rennog the Zephyrmancer (level 9, 0/62 HPs)
             Began as a Yellow Draconian Air Elementalist on Nov 6, 2021.
             Was a High Priest of Kikubaaqudgha.
             Killed by nerve-wracking pain
             ... invoked by an orc priest
              (9 damage)
             ... on level 7 of the Dungeon.
             The game lasted 00:22:59 (11618 turns).

Rennog the Zephyrmancer (DrAE)                     Turns: 11618, Time: 00:23:00

Health: 0/62       AC:  8    Str: 11    XL:     9   Next: 77%
Magic:  1/17       EV: 19    Int: 18    God:    Kikubaaqudgha [*****.]
Gold:   319        SH:  0    Dex: 18    Spells: 9/19 levels left

rFire   . . .      SeeInvis .   f - +0 whip (pain)
rCold   . . .      Faith    .   (no shield)
rNeg    . . .      Spirit   .   (armour unavailable)
rPois   .          Reflect  .   (helmet restricted)
rElec   .          Harm     .   x - +0 cloak
rCorr   +          Rampage  .   (no gloves)
Will    .....                   (no boots)
Stlth   ++........              v - amulet of regeneration
HPRegen 1.20/turn               c - +4 ring of evasion
MPRegen 0.15/turn               z - +6 ring of dexterity

@: studying Hexes
A: spit acid, AC +7, unfitting armour, cold-blooded, acid resistance
a: Breathe Acid, Renounce Religion, Receive Corpses, Torment


You were on level 7 of the Dungeon.
You worshipped Kikubaaqudgha.
Kikubaaqudgha was extremely pleased with you.
You visited 1 branch of the dungeon, and saw 7 of its levels.

You collected 319 gold pieces.

Inventory:

Hand Weapons
 f - a +0 whip of pain (weapon)
Missiles
 j - 3 throwing nets
Armour
 x - a +0 cloak (worn)
Jewellery
 c - a +4 ring of evasion (left hand)
 g - a ring of poison resistance
 v - an amulet of regeneration (around neck)
 y - a ring of flight
 z - a +6 ring of dexterity (right hand)
 A - an amulet of faith
 B - a ring of fire
 D - a ring of ice
 E - a +6 ring of dexterity
Wands
 l - a wand of flame (13)
 s - a wand of polymorph (6)
 u - a wand of iceblast (10)
Scrolls
 a - 4 scrolls of immolation {unknown}
 b - 5 scrolls of teleportation {unknown}
 e - 6 scrolls of identify {unknown}
 h - a scroll of amnesia {unknown}
 k - 2 scrolls of fog {unknown}
 o - 2 scrolls of vulnerability {unknown}
 r - a scroll of noise {unknown}
 t - a scroll of fear {unknown}
 w - a scroll of acquirement {unknown}
 C - a scroll of magic mapping {unknown}
Potions
 d - 4 potions of curing {unknown}
 i - a potion of might {unknown}
 m - a potion of mutation {unknown}
 n - 2 potions of attraction {unknown}
 p - a potion of cancellation {unknown}
 q - 2 potions of magic {unknown}


   Skills:
 + Level 5.5 Dodging
 - Level 1.7 Stealth
 + Level 5.5 Spellcasting
 - Level 1.0 Conjurations
 * Level 7.7 Necromancy
 * Level 8.8 Air Magic


You had 9 spell levels left.
You knew the following spells:

 Your Spells              Type           Power      Damage    Failure   Level
a - Shock                 Conj/Air       88%        1d8       1%          1
b - Static Discharge      Conj/Air       22%        N/A       2%          2
c - Swiftness             Air            36%        N/A       1%          3
d - Airstrike             Air            18%        N/A       3%          4

Your spell library contained the following spells:

 Spells                   Type           Power      Damage    Failure   Level
 Pain                     Necr           100%       1d9       1%          1
 Corpse Rot               Necr/Air       68%        N/A       1%          2
 Sublimation of Blood     Necr           33%        N/A       1%          2
 Vampiric Draining        Necr           33%        2d8       1%          3
 Animate Dead             Necr           16%        N/A       4%          4
 Dispel Undead            Necr           33%        3d14      4%          4
 Beastly Appendage        Tmut           10%        N/A       13%         1
 Agony                    Necr           33%        N/A       14%         5
 Blink                    Tloc           10%        N/A       19%         2
 Wereblood                Tmut           5%         N/A       19%         2
 Call Canine Familiar     Summ           5%         N/A       36%         3
 Ozocubu's Armour         Ice            5%         N/A       36%         3
 Portal Projectile        Hex/Tloc       10%        N/A       36%         3
 Spider Form              Tmut/Pois      5%         N/A       36%         3
 Borgnjor's Vile Clutch   Necr/Erth      9%         N/A       56%         5
 Leda's Liquefaction      Hex/Erth       2%         N/A       77%         4
 Manifold Assault         Tloc           5%         N/A       98%         5
 Simulacrum               Ice/Necr       9%         N/A       98%         6
 Ozocubu's Refrigeration  Ice            2%         4d5       100%        7
 Storm Form               Tmut/Air       10%        N/A       100%        7


Dungeon Overview and Level Annotations

Branches:
Dungeon (7/15)             Temple (0/1) D:6

Altars:
Hepliaklqana
Kikubaaqudgha
Uskayaw

Shops:
D:1 :


Innate Abilities, Weirdness & Mutations

You can spit globs of acid.
Your golden yellow scales are hard. (AC +7)
You cannot fit into any form of body armour.
You are cold-blooded and may be slowed by cold attacks.
You are resistant to acid. (rCorr)


Message History

The orc priest closely misses you.
Casting: Static Discharge (safe; 2% risk of failure)
Confirm with . or Enter, or press ? or * to list all spells.
The orc priest is struck by an arc of lightning.
The orc priest is moderately wounded.
You are struck by an arc of lightning.
* * * LOW HITPOINT WARNING * * *
The lightning grounds out.
The orc hits you from afar with a +0 trident.
* * * LOW HITPOINT WARNING * * *
The orc priest invokes the aid of Beogh against you.
Pain shoots through your body!
* * * LOW HITPOINT WARNING * * *
Casting: Static Discharge (safe; 2% risk of failure)
Confirm with . or Enter, or press ? or * to list all spells.
Aiming: Airstrike (dangerous; 3% risk of failure)
Press: ? - help, Dir - move target The spell fizzles.
The orc completely misses you. The orc priest misses you.
Casting: Airstrike (dangerous; 3% risk of failure)
Confirm with . or Enter, or press ? or * to list all spells.
You don't have enough magic to cast this spell.
Casting: Airstrike (dangerous; 3% risk of failure)
Confirm with . or Enter, or press ? or * to list all spells.
Aiming: Shock (safe; 1% risk of failure)
Press: ? - help, Shift-Dir - straight line, f - orc
Aim: an orc, wielding a +0 trident and wearing a +0 leather armour (almost dead, 74% to hit)
The zap misses the orc.
The orc barely misses you. The orc priest closely misses you.
Casting: Shock (safe; 1% risk of failure)
Confirm with . or Enter, or press ? or * to list all spells.
Aiming: Shock (safe; 1% risk of failure)
Press: ? - help, Shift-Dir - straight line, f/p - orc
Aim: an orc, wielding a +0 trident and wearing a +0 leather armour (almost dead, 74% to hit)
The zap hits the orc.
You kill the orc!
Kikubaaqudgha accepts your kill.
The orc priest mumbles some strange prayers to Beogh against you.
Pain shoots through your body!
You die...
Kikubaaqudgha rasps: "You have failed me!
Welcome... death!"

### ###### # #.####
#....#
#######....###....#
..................#
................@)#######
................o)......#
...........^....).).....#
........................#
........................#
#.......................#
...............##.......#
................#.......#
................#.......#


You could see an orc priest.

Vanquished Creatures
  Grinder (D:5)
  Prince Ribbit (D:6)
  4 steam dragons
  Menkaure (D:4)
  A necrophage (D:4)
  A sky beast (D:7)
  An ice beast (D:6)
  A black bear (D:4)
  An ogre (D:3)
  A centaur (D:5)
  A phantom (D:7)
  A kobold brigand (D:5)
  5 bullfrogs
  2 scorpions
  A gnoll sergeant (D:6)
  A water moccasin skeleton (D:5)
  A howler monkey (D:5)
  4 hounds
  A jelly (D:4)
  A centaur skeleton (D:5)
  3 iguanas
  Crazy Yiuf (D:5)
  2 gnoll shamans
  7 orc wizards
  Ijyb (D:3)
  2 hound skeletons (D:5)
  A howler monkey zombie (D:7)
  A howler monkey skeleton (D:5)
  32 gnolls
  7 adders
  A shadow imp (D:6)
  2 white imps (D:6)
  4 worms
  A dart slug (D:3)
  37 orcs
  9 ball pythons
  6 endoplasms
  3 giant cockroaches
  9 goblins
  4 hobgoblins
  14 jackals
  5 quokkas
  8 bats
  3 frilled lizards
  18 kobolds
  7 rats
  A spectral kobold (D:6)
220 creatures vanquished.

Vanquished Creatures (others)
  An orc (D:4)
  A quokka (D:4)
  3 plants (D:3)
5 creatures vanquished.

Grand Total: 225 creatures vanquished

Notes
Turn   | Place    | Note
-------+----------+-------------------------------------------
     0 | D:1      | Rennog the Draconian Air Elementalist began the quest for
                  | the Orb.
     0 | D:1      | Reached XP level 1. HP: 14/14 MP: 3/3
   291 | D:1      | Found a faded altar of an unknown god.
   301 | D:1      | Prayed at the altar of an unknown god.
   301 | D:1      | Became a worshipper of Kikubaaqudgha
   301 | D:1      | Reached * piety under Kikubaaqudgha
   301 | D:1      | Received a gift from Kikubaaqudgha
   609 | D:1      | Reached XP level 2. HP: 20/20 MP: 3/5
  1099 | D:1      | Found Sutruum's Book Boutique.
  1263 | D:1      | Reached XP level 3. HP: 5/26 MP: 3/6
  2150 | D:2      | Reached ** piety under Kikubaaqudgha
  2576 | D:2      | Reached skill level 4 in Air Magic
  2657 | D:2      | Reached skill level 1 in Necromancy
  2657 | D:2      | Reached XP level 4. HP: 27/33 MP: 3/7
  2743 | D:2      | Found a hide-covered altar of Uskayaw.
  3316 | D:3      | Reached XP level 5. HP: 38/38 MP: 9/9
  3782 | D:3      | Reached *** piety under Kikubaaqudgha
  3782 | D:3      | Received a gift from Kikubaaqudgha
  4209 | D:3      | Noticed Ijyb
  4230 | D:3      | Killed Ijyb
  4661 | D:3      | Reached XP level 6. HP: 45/45 MP: 3/10
  4777 | D:3      | Learned a level 2 spell: Static Discharge
  4781 | D:3      | Learned a level 3 spell: Swiftness
  4855 | D:3      | Reached skill level 5 in Air Magic
  6085 | D:3      | Your scales start taking on a golden yellow colour.
  6085 | D:3      | Reached XP level 7. HP: 41/50 MP: 1/12
  6085 | D:3      | Gained mutation: You are resistant to acid. (rCorr) [Yellow
                  | Draconian growth]
  6518 | D:4      | Reached **** piety under Kikubaaqudgha
  6605 | D:4      | Noticed a steam dragon
  6612 | D:4      | Killed a steam dragon
  6876 | D:4      | Reached skill level 6 in Air Magic
  7655 | D:4      | Reached XP level 8. HP: 42/57 MP: 10/13
  7843 | D:5      | Entered Level 5 of the Dungeon
  7950 | D:5      | Noticed Grinder
  7972 | D:4      | Reached skill level 5 in Necromancy
  8072 | D:5      | Paralysed by Grinder for 3 turns
  8205 | D:5      | Killed Grinder
  8332 | D:5      | Noticed Menkaure
  8349 | D:4      | Killed Menkaure
  8350 | D:4      | Reached skill level 7 in Air Magic
  8541 | D:4      | Learned a level 4 spell: Airstrike
  8938 | D:5      | Found a runed translucent door.
  8939 | D:5      | Noticed Crazy Yiuf
  9589 | D:5      | Killed Crazy Yiuf
  9782 | D:6      | Reached XP level 9. HP: 51/62 MP: 9/16
  9830 | D:6      | Noticed Prince Ribbit
  9841 | D:6      | Killed Prince Ribbit
 10105 | D:6      | Found a staircase to the Ecumenical Temple.
 10130 | D:6      | Reached skill level 5 in Spellcasting
 10222 | D:6      | Reached skill level 5 in Dodging
 10229 | D:6      | Reached skill level 8 in Air Magic
 10397 | D:6      | Found a hazy altar of Hepliaklqana.
 11358 | D:7      | HP: 3/62 [something/ball of steam (13)]
 11453 | D:7      | Reached ***** piety under Kikubaaqudgha
 11618 | D:7      | Killed from afar by an orc priest

Illustrated notes

Levels and vault maps discovered:
D:1:      ncdulo_wetmaze, layout_basic, chequers_ecumenical_altar_grove,
          serial_shops, nicolae_square_shop
D:2:      layout_rooms, serial_corexii_hall, corexii_hall_statues_x,
          chequers_hall_statues_corner_a, corexii_hall_statues_i,
          corexii_hall_statues_l, chequers_hall_statues_corner_a,
          corexii_hall_statues_x, basic_altar
D:3:      lemuel_castle_with_subvaults [lemuel_castle_interior_carwin_1],
          layout_basic, lemuel_another_geyser, uniq_ijyb
D:4:      layout_loops_cross, dk_noncrumbling_3, minmay_manual_mail
D:5:      layout_basic, serial_bayou_crossing, uniq_crazy_yiuf_cottage,
          uniq_menkaure, uniq_grinder
D:6:      layout_basic, nicolae_hepliaklqana_monster_ancestors, temple_hall,
          grunt_ministairs_9, uniq_prince_ribbit1
D:7:      cheibrodos_steamvent, layout_rooms

Skill      XL: |  1  2  3  4  5  6  7  8  9 |
---------------+----------------------------+-----
Dodging        | 2 3 4 5 |  5.5
Air Magic      | 4 5 6 7 8 |  8.8
Necromancy     | 1 2 3 4 6 7 |  7.7
Spellcasting   | 3 4 5 |  5.5
Stealth        | |  1.7
Conjurations   | |  1.0

Action                   |  1- 3 |  4- 6 |  7- 9 || total
-------------------------+-------+-------+-------++-------
Melee: Unarmed           |    82 |       |       ||    82
       Tailslap          |    17 |     8 |    29 ||    54
       Whip              |    58 |   145 |   273 ||   476
 Cast: Shock             |    39 |   128 |    34 ||   201
       Static Discharge  |       |    21 |    99 ||   120
       Airstrike         |       |       |    11 ||    11
 Abil: Breathe Acid      |       |       |     2 ||     2
 Stab: Sleeping          |     4 |     1 |     4 ||     9
       Distracted        |       |       |     2 ||     2
Armor: Skin              |    45 |    28 |   121 ||   194
Dodge: Dodged            |   102 |   180 |   362 ||   644

Table legend: (Time is in decaauts)
 A = Elapsed time spent in this place.
 B = Non-inter-level travel time spent in this place.
 C = Inter-level travel time spent in this place.
 D = Time resting spent in this place.
 E = Time spent auto-exploring this place.
 F = Levels seen in this place.
 G = Mean time per level.
                   A        B        C        D        E       F      G
               +--------+--------+--------+--------+--------+-----+--------+
         Total |  11694 |  11431 |    263 |    668 |   8720 |   7 | 1670.6 |
       Dungeon |  11694 |  11431 |    263 |    668 |   8720 |   7 | 1670.6 |
               +--------+--------+--------+--------+--------+-----+--------+

Top non-repeatable levels by time:
     D:3: 3274 daAuts
     D:1: 2104 daAuts
     D:4: 1853 daAuts
     D:6: 1565 daAuts
     D:5: 1395 daAuts
     D:2: 1122 daAuts
     D:7: 380 daAuts
